Map: Zielone pola

Players

Cemenov

  • Race: Protoss Protoss
  • Spawn Location: 1:00

Sundog

  • Race: Terran Terran
  • Spawn Location: 3:00

Gracz

  • Race: Protoss Protoss
  • Spawn Location: 12:00

YuNiT

  • Race: Protoss Protoss
  • League: Platinum
  • Spawn Location: 7:00

Kabelino

  • Race: Terran Terran
  • Spawn Location: 9:00

Zorrorotto

  • Race: Zerg Zerg
  • Spawn Location: 6:00

VOD

Have the link to the VOD?

Description

Time

  • Played on: Feb. 26, 2016, 6:18 p.m.
  • Length: 6:55
Show
View Real Time Build Order
Export as new Build Order

Cemenov Protoss 

Build Orders:  

Get SALT Encoding   

  12  0:03  Probe (Chrono Boost)  
  13  0:23  Pylon  
  13  0:24  Probe (Chrono Boost)  
  14  0:32  Assimilator  
  14  0:37  Probe (Chrono Boost)  
  14  0:38  Assimilator  
  15  0:47  Probe (Chrono Boost)  
  16  0:59  Forge  
  16  1:00  Probe (Chrono Boost)  
  17  1:25  Gateway  
  17  1:27  Probe (Chrono Boost)  
  18  1:37  Probe (Chrono Boost)  
  19  1:44  Photon Cannon  
  19  1:49  Probe (Chrono Boost)  
  20  2:02  Probe (Chrono Boost)  
  20  2:04  Pylon  
  21  2:24  Probe (Chrono Boost)  
  22  2:35  Photon Cannon  
  22  2:46  Cybernetics Core  
  22  2:48  Zealot  
  24  3:16  Zealot  
  26  4:21  Stalker  
  24  4:50  Photon Cannon  
  24  4:58  Photon Cannon  
  15  5:38  Pylon  
  14  5:58  Photon Cannon x2  
  14  6:00  Photon Cannon  
  14  6:01  Photon Cannon  
  14  6:02  Photon Cannon  
Show
View Real Time Build Order
Export as new Build Order

Sundog Terran 

Build Orders:  

Get SALT Encoding   

  12  0:02  SCV  
  13  0:14  SCV  
  13  0:20  Supply Depot  
  14  0:26  SCV  
  15  0:42  SCV  
  16  0:46  Barracks  
  16  0:54  SCV  
  17  1:02  Supply Depot  
  17  1:06  SCV  
  18  1:13  Refinery  
  19  1:18  SCV  
  19  1:30  Refinery, SCV  
  19  1:31  Barracks  
  20  1:35  Marine  
  21  1:50  SCV  
  21  1:53  Marine  
  23  2:10  SCV  
  23  2:11  Marine  
  25  2:20  Factory  
  25  2:22  SCV  
  26  2:29  Marine  
  27  2:32  Barracks Tech Lab  
  27  2:37  SCV  
  28  2:46  Marine  
  28  2:50  Bunker  
  29  3:04  Marine  
  30  3:06  Marine  
  30  3:11  Factory Tech Lab  
  31  3:16  Command Center  
  31  3:23  Combat Shields  
  31  3:27  Orbital Command  
  31  3:35  Marine  
  31  3:48  Marine  
  31  3:52  Marine  
  27  4:06  Marine  
  28  4:10  Marine  
  29  4:23  Marine  
  30  4:28  Marine  
  28  4:41  Marine  
  28  4:46  Marine  
  28  4:53  Siege Tank  
  31  5:02  Barracks  
  31  5:12  Marine x2  
  33  5:15  Supply Depot  
  33  5:25  Siege Tank  
  35  5:29  Marine  
  33  5:38  Supply Depot  
  33  5:40  Marine  
  34  5:47  Marine  
  35  5:57  Siege Tank  
  35  5:58  Marine  
  39  6:05  Marine  
  40  6:16  Marine  
  41  6:23  Marine  
  38  6:34  Marine  
  38  6:37  Marine  
Show
View Real Time Build Order
Export as new Build Order

Gracz Protoss 

Build Orders:  

Get SALT Encoding   

  12  0:04  Probe (Chrono Boost)  
  13  0:15  Probe (Chrono Boost)  
  13  0:20  Pylon  
  14  0:32  Assimilator  
  14  0:33  Probe (Chrono Boost)  
  15  0:44  Probe (Chrono Boost)  
  16  0:54  Pylon  
  16  1:01  Probe (Chrono Boost)  
  17  1:06  Assimilator  
  17  1:12  Probe (Chrono Boost)  
  18  1:22  Probe (Chrono Boost)  
  18  1:25  Gateway  
  19  1:36  Gateway  
  19  1:40  Gateway  
  19  1:49  Forge  
  19  2:00  Probe (Chrono Boost)  
  20  2:10  Probe (Chrono Boost)  
  21  2:18  Gateway  
  21  2:22  Gateway  
  21  2:34  Cybernetics Core  
  21  2:54  Protoss Shields Level 1  
  21  3:11  Warp Gate (Chrono Boost)  
  21  3:14  Mothership Core  
  23  3:31  Pylon  
  23  3:35  Pylon  
  23  3:36  Stalker x2  
  21  4:34  Stalker x3  
  21  4:35  Stalker x2  
  31  4:48  Protoss Ground Weapons Level 1  
  31  4:51  Stargate  
  31  4:52  Stargate  
  3  5:52  Sentry (Chrono Boost)  
  3  5:55  Sentry x2 (Chrono Boost)  
  3  5:56  Probe  
  7  6:08  Probe  
  7  6:20  Probe  
  5  6:33  Probe  
Show
View Real Time Build Order
Export as new Build Order

YuNiT Protoss 

Build Orders:  

Get SALT Encoding   

  12  0:01  Probe (Chrono Boost)  
  13  0:12  Probe (Chrono Boost)  
  14  0:21  Pylon  
  14  0:25  Probe (Chrono Boost)  
  15  0:39  Probe (Chrono Boost)  
  16  0:46  Gateway  
  16  0:48  Assimilator  
  16  0:49  Probe (Chrono Boost)  
  17  1:00  Probe (Chrono Boost)  
  18  1:10  Probe (Chrono Boost)  
  19  1:16  Gateway  
  19  1:20  Assimilator  
  19  1:21  Probe (Chrono Boost)  
  19  1:23  Pylon  
  20  1:31  Probe (Chrono Boost)  
  21  1:39  Cybernetics Core  
  21  1:42  Probe (Chrono Boost)  
  22  1:53  Probe (Chrono Boost)  
  23  2:03  Pylon, Probe (Chrono Boost), Gateway  
  24  2:09  Pylon  
  24  2:16  Warp Gate (Chrono Boost)  
  24  2:22  Gateway  
  24  2:30  Stalker  
  24  2:34  Stalker  
  28  2:41  Mothership Core  
  30  2:50  Stalker  
  32  2:59  Gateway  
  32  3:10  Pylon  
  32  3:16  Stalker  
  32  3:18  Sentry  
  36  4:12  Pylon  
  36  4:16  Pylon  
  36  4:18  Pylon  
  36  4:45  Stalker x4  
  42  4:47  Stalker  
  46  5:10  Stalker x3  
  46  5:11  Stalker x2  
  52  5:41  Stalker x5  
  62  6:04  Nexus  
  62  6:07  Probe  
  63  6:44  Stalker x2  
  63  6:45  Stalker x2  
  63  6:47  Sentry  
Show
View Real Time Build Order
Export as new Build Order

Kabelino Terran 

Build Orders: Banshee Rush 

Get SALT Encoding   

  12  0:04  SCV  
  13  0:16  SCV  
  14  0:22  Supply Depot  
  15  0:28  SCV  
  15  0:35  Refinery  
  15  0:46  Barracks  
  15  0:47  SCV  
  16  0:59  SCV  
  17  1:11  SCV  
  18  1:22  Refinery  
  18  1:23  SCV  
  19  1:41  Barracks Reactor  
  19  1:48  Command Center  
  19  1:50  Orbital Command  
  19  2:00  Supply Depot  
  19  2:14  Factory  
  19  2:18  SCV  
  20  2:28  Marine  
  20  2:29  Marine  
  22  2:31  SCV  
  23  2:44  Engineering Bay  
  23  2:47  Marine x2  
  25  3:06  Starport  
  25  3:11  Orbital Command  
  25  3:15  Widow Mine x2  
  25  3:16  Barracks Tech Lab  
  29  3:22  Missile Turret  
  29  3:38  SCV x2  
  31  3:52  Cloaking Field, Banshee  
  34  4:02  Widow Mine x2  
  38  4:22  Command Center  
  34  4:54  SCV x2  
  34  4:56  Banshee  
  39  5:06  SCV  
  40  5:20  SCV  
  41  5:23  Refinery, Widow Mine x2  
  41  5:24  Refinery  
  43  5:29  Starport  
  43  5:32  Starport  
  43  5:34  SCV x2  
  43  5:52  Banshee  
  43  5:53  Widow Mine x2  
  50  5:58  Marine  
  51  6:06  Armory, Starport Tech Lab  
  51  6:12  Supply Depot, Starport Tech Lab  
  49  6:30  SCV  
  53  6:44  Supply Depot, Fusion Core  
  53  6:48  Missile Turret  
Show
View Real Time Build Order
Export as new Build Order

Zorrorotto Zerg 

Build Orders: Pool First 

Get SALT Encoding   

  12  0:03  Drone  
  13  0:11  Drone  
  14  0:30  Spawning Pool  
  14  0:33  Drone  
  14  0:38  Overlord  
  14  0:57  Drone x2  
  16  1:06  Extractor  
  16  1:09  Extractor  
  14  1:12  Evolution Chamber  
  14  1:13  Drone x2  
  14  1:17  Queen  
  17  1:22  Drone  
  18  1:39  Drone  
  19  1:45  Drone  
  20  2:11  Hatchery  
  20  2:12  Lair  
  19  2:34  Drone x3  
  22  2:41  Extractor  
  21  2:48  Extractor  
  21  2:49  Drone x2  
  22  2:54  Overlord  
  22  3:07  Overlord  
  22  3:19  Nydus Network  
  21  3:32  Spire, Drone  
  21  3:37  Drone  
  22  3:41  Drone  
  22  3:45  Drone  
  24  3:58  Queen  
  26  4:03  Drone  
  26  4:05  Drone  
  28  4:10  Drone  
  28  4:11  Drone  
  30  4:22  Zergling x2  
  31  4:51  Infestation Pit  
  31  4:52  Mutalisk x2  
  32  4:53  Mutalisk  
  32  4:54  Mutalisk  
  38  5:09  Mutalisk  
  40  5:17  Mutalisk, Overlord  
  42  5:39  Drone x3  
  45  5:44  Mutalisk x2  
  45  5:45  Mutalisk  
Tags
 
Add a new tag
Caveats
  • Supply blocks, unpowered buildings, or Contaminate may cause inaccurate times.
  • Supply counts are checked every 10 seconds.